 Dungeon Crawl Stone Soup version 0.31-a0-319-g4fced400ed (webtiles) character file.

Game seed: 11278606234652766908

54340 Thatcher the Brawler (level 14, -3/190 HPs)
             Began as a Troll Berserker on July 18, 2023.
             Was a Priest of Trog.
             Slain by a spriggan
             ... wielding a +0 spear
              (10 damage)
             ... on level 3 of the Swamp.
             The game lasted 01:14:38 (21977 turns).

Thatcher the Brawler (Troll Berserker)             Turns: 21977, Time: 01:14:39

Health: -3/190     AC: 15    Str: 38    XL:     14   Next: 34%
Magic:  11/11      EV: 15    Int:  3    God:    Trog [***...]
Gold:   1112       SH:  0    Dex:  9    Spells: 13/13 levels left

rFire   + +          +
                       - Unarmed
rCold   . . .        (no shield)
rNeg    + . .        c - +1 fire dragon scales
rPois   +            N - -2 hat of the Alchemist {rElec rPois rF+ rC+ rN+ Will+ rMut rCorr}
rElec   +            w - +2 cloak {rCorr}
rCorr   +            (gloves unavailable)
SInv    .            (boots unavailable)
Will    ++++.        (no amulet) Stlth
                     J - +6 ring of strength
HPRegen 2.31/turn    r - +5 ring of evasion
MPRegen 0.12/turn

%: resist mutation
@: berserking (expiring), strong-willed, regenerating, very quick
A: large, unfitting armour, claws 3, regeneration 1, shaggy fur 1, tough skin 1,
horns 1, low MP 1
a: Renounce Religion, Berserk, Trog's Hand


You were on level 3 of the Swamp.
You worshipped Trog.
Trog was most pleased with you.
You visited 4 branches of the dungeon, and saw 17 of its levels.

You collected 1235 gold pieces.
You spent 123 gold pieces at shops.

Inventory:

Missiles
 a - 4 large rocks
 q - 9 stones (quivered)
 s - 28 poisoned darts
 x - 7 boomerangs
 B - 4 atropa-tipped darts
Armour
 c - +1 fire dragon scales (worn)
 w - a +2 cloak of preservation (worn)
 y - +0 swamp dragon scales
 N - the -2 hat of the Alchemist (worn) {rElec rPois rF+ rC+ rN+ Will+ rMut rCorr}
   (You found it on level 3 of the Lair of Beasts)

   rF:        It protects you from fire.
   rC:        It protects you from cold.
   rElec:     It insulates you from electricity.
   rPois:     It protects you from poison.
   rN:        It protects you from negative energy.
   rCorr:     It protects you from acid and corrosion.
   rMut:      It protects you from mutation.
   Will:      It increases your willpower.
 T - a scarf of resistance
Jewellery
 h - a ring of see invisible
 m - a ring of flight
 p - a ring of magical power
 r - a +5 ring of evasion (right claw)
 u - a ring of fire
 J - a +6 ring of strength (left claw)
 K - a ring of wizardry
 L - a ring of magical power
Talismans
 n - a blade talisman
 E - a blade talisman
Wands
 l - a wand of mindburst (16)
 t - a wand of charming (5)
 I - a wand of flame (11)
 X - a wand of polymorph (5)
Scrolls
 b - a scroll of immolation
 d - 6 scrolls of fog
 f - 2 scrolls of revelation
 g - 3 scrolls of enchant weapon
 k - a scroll of amnesia
 v - 2 scrolls of summoning
 D - 4 scrolls of identify
 F - 2 scrolls of poison
 G - 2 scrolls of fear
 Q - 3 scrolls of teleportation
 R - 2 scrolls of noise
 W - a scroll of silence
Potions
 e - 6 potions of curing
 i - 2 potions of attraction
 j - 3 potions of brilliance
 o - a potion of cancellation
 z - 2 potions of might
 A - 2 potions of lignification
 C - a potion of haste
 M - 2 potions of mutation
 U - a potion of berserk rage
 V - a potion of heal wounds
Miscellaneous
 O - a condenser vane
 S - a piece from Xom's chessboard (15/15)


   Skills:
 + Level 5.0 Fighting
 + Level 2.9 Throwing
 + Level 8.9 Armour
 + Level 6.3 Dodging
 + Level 2.0 Stealth
 * Level 20.6 Unarmed Combat
 + Level 0.1 Evocations


You had 13 spell levels left.
You didn't know any spells.
Your spell library was empty.

Dungeon Overview and Level Annotations

Branches:
Dungeon (10/15)            Temple (1/1) D:7            Lair (3/5) D:10
  Swamp (3/4) Lair:3        Snake (0/4) Lair:3          Orc (0/2) D:9

Altars:
Ashenzari
Cheibriados
Dithmenos
Elyvilon
Fedhas
Gozag
Hepliaklqana
Kikubaaqudgha
Makhleb
Nemelex Xobeh
Okawaru
Qazlal
Ru
Sif Muna
Trog
Uskayaw
Vehumet
Wu Jian
Xom
Yredelemnul
Zin
The Shining One

Shops:
D:2 ?*!   D:4 ([:   D:7 *


Innate Abilities, Weirdness & Mutations

You are too large for most types of armour.
You have claws for hands.
Your natural rate of healing is unusually fast.
You are covered in fur. (AC +1)
You have tough skin. (AC +1)
You have a pair of small horns on your head.
Your magical capacity is low. (-10% MP)


Message History

The alligator attacks as you move away! The alligator bites you!
The alligator tail-slaps you but does no damage.
The spriggan rider hits you with a +0 spear!
You see here an alligator corpse.
You miss the spriggan rider.
The spriggan rider hits you but does no damage.
The spriggan rider hits you with a +0 spear!
A one-headed hydra comes into view.
The one-headed hydra roars!
You eviscerate the spriggan rider!!!
You kill the hornet!
Trog accepts your kill.
The spriggan falls from its now dead mount.
Your claw misses the spriggan.
The spriggan is severely wounded.
The alligator closely misses you. x2
You are too berserk!
You barely miss the alligator. The goliath frog misses you.
The spriggan rider misses you.
You eviscerate the alligator!!! Your headbutt misses the alligator.
The alligator is heavily wounded.
The spriggan hits you with a +0 spear. The alligator bites you!!
* * * LOW HITPOINT WARNING * * *
The alligator tail-slaps you.
* * * LOW HITPOINT WARNING * * *
You completely miss the alligator. You headbutt the alligator.
The alligator is heavily wounded.
The goliath frog hits you from afar!
* * * LOW HITPOINT WARNING * * *
You are splashed with acid.
You resist.
* * * LOW HITPOINT WARNING * * *
You claw the alligator! x2
The alligator is almost dead.
The spriggan rider hits you with a +0 spear!!
* * * LOW HITPOINT WARNING * * *
The alligator bites you.
* * * LOW HITPOINT WARNING * * *
The alligator tail-slaps you but does no damage.
The spriggan hits you with a +0 spear!
You die...

~.~♣♣...~~.~~~♣
~~..♣.!...~~~~~~♣
.~.~~.~...~..~~~~
..~§~~......~~~~
.~~~~.D<~~.<.~§
♣♣♣...~..~~.♣♣♣♣
♣♣..^....~..♣♣
~.~~~~F..♣♣♣~♣
~~~~~~~t@i..♣≈≈
~~~~~~§~~i<.♣♣≈≈
~~~~~~~~~~~~♣ ♣♣♣
~~~~~♣♣♣♣♣♣♣.~♣
..~.♣ ~.♣ ♣♣~♣ .♣
~~. ♣ ~~


You could see an alligator (swift), a four-headed hydra, a spriggan rider, a
goliath frog and a spriggan.

Vanquished Creatures
  2 eleionomae
  The ghost of Ifreeg the Arsonist, a journeyman OpFE of Gozag (Lair:3)
  8 hydras
  A ghost crab (Swamp:2)
  A catoblepas (Lair:3)
  3 centaur warriors
  2 boulder beetles
  4 alligators
  4 two-headed ogres
  4 death yaks (Lair:3)
  4 spriggans (Swamp:2)
  2 goliath frogs (Swamp:2)
  A deep troll (D:10)
  4 bog bodies
  A spriggan druid (Swamp:1)
  A swamp dragon (Swamp:2)
  Pikel (D:5)
  A deep elf zephyrmancer (D:6)
  A deep elf pyromancer (D:10)
  4 will-o-the-wisps
  A cyclops (D:8)
  2 moths of wrath (Lair:3)
  A manticore (D:10)
  Maurice (D:9)
  6 black mambas
  7 cane toads
  The ghost of MrCrawl the Artisan of Death, a novice DsNe of Kikubaaqudgha (D:8)
  3 rime drakes
  4 komodo dragons
  3 trolls
  A polar bear (D:10)
  6 tyrant leeches
  6 hornets
  4 blink frogs (Lair:3)
  2 slime creatures (D:10)
  41 yaks
  A vampire (D:10)
  6 wyverns
  Eustachio (D:4)
  A basilisk (Lair:1)
  4 steam dragons
  4 swamp worms
  Edmund (D:4)
  An acid dragon (D:8)
  7 water moccasins
  Duvessa (D:5)
  5 ice beasts
  5 orc warriors
  A swamp drake (Swamp:1)
  2 black bears
  2 sky beasts
  11 wolves
  2 ogres
  A lemure (D:5)
  6 centaurs
  A phantom (D:5)
  2 kobold brigands
  13 bullfrogs
  2 scorpions
  A gnoll sergeant (D:9)
  5 wights
  Dowan (D:5)
  3 killer bees (D:10)
  2 howler monkeys (D:5)
  An electric eel (Lair:3)
  2 jellies (D:6)
  Crazy Yiuf (D:4)
  8 orc priests
  A gnoll bouda (D:7)
  6 hounds
  Jessica (D:2)
  17 orc wizards
  A sleepcap (D:5)
  5 iguanas
  8 hell rats (Lair:3)
  10 gnolls
  3 adders
  21 river rats (Lair:3)
  A shadow imp (D:7)
  An ufetubus (D:6)
  2 worms
  4 dart slugs
  64 orcs
  5 ball pythons
  13 endoplasms
  7 giant cockroaches
  5 hobgoblins
  6 jackals (D:1)
  6 quokkas
  5 bats
  2 frilled lizards (D:3)
  8 goblins
  20 kobolds
  14 rats
479 creatures vanquished.

Vanquished Creatures (collateral kills)
  A vampire (D:9)
  2 orcs (D:9)
3 creatures vanquished.

Vanquished Creatures (others)
  10 foxfires
10 creatures vanquished.

Grand Total: 492 creatures vanquished

Notes
Turn   | Place    | Note
-------+----------+-------------------------------------------
     0 | D:1      | Thatcher the Troll Berserker began the quest for the Orb.
     0 | D:1      | Reached XP level 1. HP: 22/22 MP: 0/0
    32 | D:1      | Reached XP level 2. HP: 29/29 MP: 1/1
   953 | D:1      | Reached XP level 3. HP: 36/36 MP: 2/2
  1217 | D:2      | Reached ** piety under Trog
  1381 | D:2      | Noticed Jessica
  1387 | D:2      | Killed Jessica
  1388 | D:2      | Reached skill level 4 in Unarmed Combat
  1388 | D:2      | Reached XP level 4. HP: 44/44 MP: 3/3
  1441 | D:2      | Found Ygusotra's Distillery.
  1470 | D:2      | Found Wiysiu's Magic Scroll Emporium.
  1633 | D:2      | Found Duxywuri's General Store.
  2915 | D:3      | Reached skill level 5 in Unarmed Combat
  2915 | D:3      | Reached XP level 5. HP: 50/52 MP: 4/4
  3449 | D:4      | Noticed an ogre
  3457 | D:4      | Killed an ogre
  3642 | D:4      | Found Pilohaxt's Antique Weapon Shop.
  3680 | D:4      | Reached XP level 6. HP: 59/59 MP: 5/5
  3689 | D:4      | Found Ikhlimp's Book Boutique.
  3754 | D:4      | Reached skill level 6 in Unarmed Combat
  3868 | D:4      | Noticed Edmund
  3877 | D:4      | Killed Edmund
  3878 | D:4      | Reached skill level 1 in Armour
  3927 | D:4      | Found Upirugy's Armour Boutique.
  3960 | D:4      | Noticed Eustachio
  3990 | D:4      | Killed Eustachio
  3991 | D:4      | Reached skill level 7 in Unarmed Combat
  3991 | D:4      | Reached XP level 7. HP: 30/67 MP: 6/6
  4330 | D:4      | Identified the +2 great sword "Odyapocu" {elec, rC- Dex+2
                  | SInv}
  4628 | D:4      | Found a glowing golden altar of the Shining One.
  4721 | D:4      | Found a sacrificial altar of Ru.
  4901 | D:4      | Found a runed translucent door.
  4902 | D:4      | Noticed Crazy Yiuf
  4909 | D:4      | Killed Crazy Yiuf
  5256 | D:2      | Bought a scroll of summoning for 123 gold pieces
  5320 | D:5      | Entered Level 5 of the Dungeon
  5356 | D:5      | Noticed Dowan
  5359 | D:5      | Noticed Duvessa
  5364 | D:5      | Killed Dowan
  5365 | D:5      | Reached skill level 1 in Throwing
  5365 | D:5      | Reached skill level 8 in Unarmed Combat
  5367 | D:5      | Killed Duvessa
  5368 | D:5      | Reached XP level 8. HP: 75/75 MP: 7/7
  5456 | D:5      | Noticed Pikel
  5469 | D:5      | Killed Pikel
  5470 | D:5      | Reached skill level 9 in Unarmed Combat
  5666 | D:5      | Identified the +1 robe of Tealarch {rPois}
  5792 | D:5      | Reached skill level 10 in Unarmed Combat
  6519 | D:6      | Reached XP level 9. HP: 83/83 MP: 8/8
  6940 | D:6      | Noticed a deep elf zephyrmancer
  6949 | D:6      | Killed a deep elf zephyrmancer
  6950 | D:6      | Reached skill level 1 in Stealth
  6950 | D:6      | Reached skill level 11 in Unarmed Combat
  7592 | D:7      | Reached skill level 12 in Unarmed Combat
  7612 | D:7      | Reached *** piety under Trog
  7811 | D:7      | Found an iron altar of Okawaru.
  8228 | D:7      | Found a staircase to the Ecumenical Temple.
  8290 | D:7      | Found a white marble altar of Elyvilon.
  8318 | D:7      | Found a bloodstained altar of Trog.
  8386 | D:7      | Reached XP level 10. HP: 84/91 MP: 9/9
  8835 | D:7      | Found Muqaq's General Store.
  9003 | Temple   | Entered the Ecumenical Temple
  9091 | D:8      | Noticed a two-headed ogre
  9096 | D:8      | Killed a two-headed ogre
  9097 | D:8      | Reached skill level 13 in Unarmed Combat
  9605 | D:8      | Found a glowing silver altar of Zin.
  9668 | D:8      | Found a transporter.
  9770 | D:8      | Noticed a centaur warrior
  9785 | D:8      | Noticed a two-headed ogre
  9789 | D:8      | Found a transporter.
  9791 | D:8      | Noticed MrCrawl's ghost (novice DsNe)
  9796 | D:8      | Noticed a cyclops
 10201 | D:8      | Found a stormy altar of Qazlal.
 10299 | D:8      | Killed a cyclops
 10308 | D:8      | Killed a two-headed ogre
 10309 | D:8      | Reached skill level 5 in Armour
 10314 | D:8      | Killed a centaur warrior
 10315 | D:8      | Reached skill level 14 in Unarmed Combat
 10370 | D:8      | Reached XP level 11. HP: 54/98 MP: 10/10
 10379 | D:8      | Killed MrCrawl's ghost
 10520 | D:9      | Noticed Maurice
 10664 | D:9      | Killed Maurice
 11159 | D:9      | Found a staircase to the Orcish Mines.
 11263 | D:9      | Reached skill level 5 in Dodging
 11365 | D:9      | Reached skill level 15 in Unarmed Combat
 12032 | D:10     | Entered Level 10 of the Dungeon
 12130 | D:10     | Noticed a boulder beetle
 12137 | D:10     | Noticed a centaur warrior
 12146 | D:10     | Noticed a deep elf pyromancer
 12160 | D:10     | Killed a boulder beetle
 12461 | D:10     | Killed a deep elf pyromancer
 12462 | D:10     | Reached skill level 16 in Unarmed Combat
 12667 | D:10     | Found a staircase to the Lair.
 12688 | D:10     | Noticed a centaur warrior
 12693 | D:10     | Found a transporter.
 12715 | D:10     | Found a transporter.
 12720 | D:10     | Noticed a deep troll
 12724 | D:10     | Found a hide-covered altar of Uskayaw.
 12782 | D:10     | Noticed a two-headed ogre
 12782 | D:10     | Noticed a two-headed ogre
 12789 | D:10     | Killed a two-headed ogre
 12791 | D:10     | Killed a two-headed ogre
 13032 | D:10     | Found a burning altar of Makhleb.
 13039 | D:10     | Reached XP level 12. HP: 107/107 MP: 11/11
 13185 | D:10     | Killed a centaur warrior
 13446 | D:10     | Found a snail-covered altar of Cheibriados.
 13559 | D:10     | Gained mutation: You have a pair of small horns on your
                  | head. [potion of mutation]
 13559 | D:10     | Gained mutation: Your magical capacity is low. (-10% MP)
                  | [potion of mutation]
 13834 | D:10     | Killed a centaur warrior
 13932 | Lair:1   | Entered Level 1 of the Lair of Beasts
 13955 | Lair:1   | Noticed a boulder beetle
 13963 | Lair:1   | Killed a boulder beetle
 14033 | Lair:1   | Reached skill level 17 in Unarmed Combat
 15704 | Lair:2   | Noticed a seven-headed hydra
 15706 | Lair:2   | Noticed a seven-headed hydra
 15713 | Lair:2   | Killed a ten-headed hydra
 15715 | Lair:2   | Killed a nine-headed hydra
 15716 | Lair:2   | Reached skill level 18 in Unarmed Combat
 16079 | Lair:2   | Reached XP level 13. HP: 117/117 MP: 10/10
 17095 | Lair:3   | Found a transporter.
 17095 | Lair:3   | Noticed Ifreeg's ghost (journeyman OpFE)
 17095 | Lair:3   | Found the -2 hat of the Alchemist {rElec rPois rF+ rC+ rN+
                  | Will+ rMut rCorr}
 17188 | Lair:3   | Found a staircase to the Snake Pit.
 17458 | Lair:3   | Found a transporter.
 17612 | Lair:3   | Reached skill level 19 in Unarmed Combat
 17998 | Lair:3   | Reached **** piety under Trog
 19070 | Lair:3   | Found a staircase to the Swamp.
 19480 | Lair:3   | Killed Ifreeg's ghost
 19765 | Swamp:1  | Entered Level 1 of the Swamp
 19931 | Swamp:1  | Noticed an eleionoma
 19942 | Swamp:1  | Killed an eleionoma
 20180 | Swamp:1  | You fall into a shaft and drop 1 floor!
 20558 | Swamp:2  | Reached skill level 20 in Unarmed Combat
 20558 | Swamp:2  | Reached XP level 14. HP: 124/124 MP: 11/11
 20878 | Swamp:2  | Reached skill level 5 in Fighting
 21977 | Swamp:3  | HP: 7/190 [alligator (5)]
 21977 | Swamp:3  | Slain by a spriggan

Illustrated notes

Levels and vault maps discovered:
D:1:      erik_arrival_cave_to_civilisation [erik_arrival_cave_to_hall],
          layout_basic
D:2:      layout_basic, serial_shops, nicolae_shop_crystal,
          nicolae_shop_crystal, shop, interstate_on_off, uniq_jessica
D:3:      minmay_inner_zag, layout_basic, st_stairs_11
D:4:      layout_loops_ring, kennysheep_little_box,
          mainiacjoe_overflow_concentric_impassable, serial_shops, shop, shop,
          shop, grunt_ministairs_14, uniq_eustachio, uniq_crazy_yiuf_cottage,
          uniq_edmund
D:5:      layout_gridville, hangedman_decor_riveting, uniq_pikel, uniq_duvessa
D:6:      layout_basic, guppyfry_early_elven_hall
D:7:      kennysheep_steamy, layout_loops_corners, lemuel_doored_altar,
          mainiacjoe_overflow_boulevard, mainiacjoe_overflow_alcove_2,
          minmay_temple_entry_proselytizer, serial_shops, nicolae_shop_trees
D:8:      layout_loops_ring, mainiacjoe_overflow_tiny_flanked, kennysheep_mini,
          nzn_ghost_randoct, minivault_10, chequers_decorated_corner
D:9:      layout_roguey, hiddenorc2_lemuel, uniq_maurice
D:10:     layout_loops_ring, slow_altar_2, mainiacjoe_overflow_paths,
          gammafunk_temple_overflow_arena, hellmonk_lair_entry_icy,
          minmay_diamond_spiral
Temple:   hellmonk_temple_flake
Lair:1:   layout_regular_city, lightli_volcano_entry_magma_tube
Lair:2:   layout_cave_pods, minmay_hedge_maze, chequers_serial_rivers_large_a,
          grunt_megastairs_1
Lair:3:   lemuel_ratsnest, layout_long_grid,
          nicolae_swamp_entry_splash_gauntlet, guppyfry_snake_entry_garden,
          gammafunk_ghost_berserking_beasts
Swamp:1:  layout_basic_swamp, evilmike_swamp_ruin_house_1
Swamp:2:  layout_basic_swamp, hangedman_swamp_ruin_hall
Swamp:3:  layout_basic_swamp, gammafunk_ghost_split,
          evilmike_swamp_ruin_house_2, swamp_pool3, nicolae_swamp_baby_hydras

Skill      XL: |  1  2  3  4  5  6  7  8  9 10 11 12 13 14 |
---------------+-------------------------------------------+-----
Unarmed Combat | 4 5 7 8 10 12 14 16 18 20 | 20.6
Dodging        | 3 4 5 6 |  6.3
Fighting       | 3 4 5 |  5.0
Armour         | 1 2 3 4 5 6 7 8 |  8.9
Throwing       | 1 2 |  2.9
Stealth        | 1 2 |  2.0
Evocations     | |  0.1

Action                     |  1- 3 |  4- 6 |  7- 9 | 10-12 | 13-15 || total
---------------------------+-------+-------+-------+-------+-------++-------
  Melee: Unarmed           |    60 |   127 |   188 |   514 |   301 ||  1190
         Punch             |     2 |     4 |    11 |    48 |    39 ||   104
         Headbutt          |       |       |       |    40 |    42 ||    82
  Throw: Stone             |       |    17 |    12 |    27 |    48 ||   104
         Dart              |       |       |     2 |     3 |       ||     5
 Invoke: Berserk           |     4 |     4 |    14 |    29 |    19 ||    70
         Trog's Hand       |       |     1 |     5 |    21 |    15 ||    42
  Evoke: Condenser vane    |       |       |       |     2 |     1 ||     3
    Use: Scroll            |     3 |     8 |     7 |     5 |     6 ||    29
         Potion            |       |     2 |     2 |     4 |       ||     8
   Stab: Distracted        |       |       |       |     1 |       ||     1
 Armour: Animal skin       |    27 |       |       |       |       ||    27
         Fire dragon scale |       |    70 |    89 |   159 |    99 ||   417
         Robe              |       |     3 |       |       |       ||     3
         Skin              |       |       |       |   103 |       ||   103
  Dodge: Dodged            |    36 |    51 |    75 |   297 |   174 ||   633
         Form:             |       |     1 |       |       |       ||     1
         Blade             |       |     1 |       |       |       ||     1

Table legend: (Time is in decaauts)
 A = Elapsed time spent in this place.
 B = Non-inter-level travel time spent in this place.
 C = Inter-level travel time spent in this place.
 D = Time resting spent in this place.
 E = Time spent auto-exploring this place.
 F = Levels seen in this place.
 G = Mean time per level.
                   A        B        C        D        E       F      G
               +--------+--------+--------+--------+--------+-----+--------+
         Total |  22352 |  21675 |    677 |  10557 |   7127 |  17 | 1314.8 |
       Dungeon |  14182 |  13633 |    549 |   5911 |   5038 |  10 | 1418.2 |
        Temple |      1 |      1 |      0 |      0 |      0 |   1 |    1.0 |
          Lair |   5926 |   5805 |    121 |   2955 |   1917 |   3 | 1975.3 |
         Swamp |   2241 |   2234 |      7 |   1691 |    172 |   3 |  747.0 |
               +--------+--------+--------+--------+--------+-----+--------+

Top non-repeatable levels by time:
  Lair:3: 3171 daAuts
    D:10: 1933 daAuts
     D:4: 1880 daAuts
 Swamp:2: 1801 daAuts
     D:7: 1726 daAuts
     D:8: 1647 daAuts
  Lair:2: 1563 daAuts
     D:9: 1414 daAuts
     D:6: 1301 daAuts
     D:1: 1237 daAuts
     D:3: 1205 daAuts
  Lair:1: 1191 daAuts
     D:2: 1085 daAuts
     D:5: 751 daAuts
 Swamp:1: 428 daAuts
